 Dungeon Crawl Stone Soup version 0.23-a0-642-g3120c2f5a9 (webtiles) character file.

487 LLavrengius the Sneak (level 7, -10/45 HPs)
             Began as an Octopode Transmuter on Dec 31, 2018.
             Mangled by an ice beast (11 damage)
             ... on level 5 of the Dungeon.
             The game lasted 00:16:30 (4581 turns).

LLavrengius the Sneak (Octopode Transmuter)         Turns: 4581, Time: 00:16:31

Health: -10/45     AC:  2    Str: 10    XL:     7   Next: 13%
Magic:  1/11       EV: 19    Int: 17    God:
Gold:   231        SH:  0    Dex: 17    Spells: 5/12 levels left

rFire    + . .     SeeInvis .     - Unarmed
rCold    . . .     Gourm    .   (shield currently unavailable)
rNeg     . . .     Faith    .   (helmet currently unavailable)
rPois    x         Spirit   .   (no amulet)
rElec    .         Reflect  .   n - ring of stealth
rCorr    .         Harm     .   p - ring of protection from fire
MR       .....                  (no ring)
Stlth    ++++......             (no ring)
HPRegen  0.15/turn              (no ring)
MPRegen  0.12/turn              (no ring)
                                (no ring)
                                (no ring)

@: spider-form (expiring), very slightly contaminated
A: tiny, almost no armour, stealthy swim, (amphibious), 8 rings, (constrict 8)
a: End Transformation


You were on level 5 of the Dungeon.
You were not hungry.
You were a venomous arachnid creature.
You visited 1 branch of the dungeon, and saw 5 of its levels.

You collected 231 gold pieces.

Inventory:

Hand Weapons
 b - a cursed -3 spear
 k - a +0 hunting sling
 u - a +0 dagger of venom
Missiles
 a - 52 arrows
 g - 18 stones (quivered)
 q - 3 throwing nets
 y - 14 sling bullets
Jewellery
 m - a +3 amulet of reflection {unknown}
 n - a ring of stealth (left front leg)
 p - a ring of protection from fire (right front leg)
Wands
 r - a wand of clouds (7)
 v - a wand of acid (8)
Scrolls
 e - a scroll of immolation
 h - 2 scrolls of blinking
 l - a scroll of remove curse
Potions
 d - a potion of agility {unknown}
 f - a potion of brilliance {unknown}
 i - 2 potions of might {unknown}
 j - 3 potions of haste {unknown}
 o - a potion of curing {unknown}
 s - a potion of lignification {unknown}
 t - a potion of heal wounds {unknown}
 A - a potion of magic {unknown}
Comestibles
 c - 4 rations


   Skills:
 * Level 2.1 Fighting
 - Level 2.0 Dodging
 + Level 4.4 Stealth
 * Level 3.5 Unarmed Combat
 - Level 3.0 Spellcasting
 * Level 1.0 Hexes
 + Level 4.4 Transmutations
 - Level 3.1 Poison Magic


You had 5 spell levels left.
You knew the following spells:

 Your Spells              Type           Power        Failure   Level  Hunger
a - Beastly Appendage     Tmut           ###...       10%         1    None
b - Sticks to Snakes      Tmut           ###.....     13%         2    ##.....
c - Spider Form           Tmut/Pois      ###.......   26%         3    ###....
d - Confusing Touch       Hex            #.....       28%         1    None

Your spell library contained the following spells:

 Spells                   Type           Power        Failure   Level  Hunger
 Confuse                  Hex            #.......     56%         3    ###....
 Gell's Gravitas          Tloc           #.........   67%         3    ###....
 Ice Form                 Ice/Tmut       ##......     77%         4    ####...
 Petrify                  Tmut/Erth      ##......     77%         4    ####...
 Blade Hands              Tmut           ###.......   80%         5    ######.
 Yara's Violent Unravell  Hex/Tmut       ##........   94%         5    ######.
 Metabolic Englaciation   Hex/Ice        #.........   99%         5    ######.


Dungeon Overview and Level Annotations

Branches:
Dungeon (5/15)
 Temple: D:4-7

Altars:
Vehumet


Innate Abilities, Weirdness & Mutations

You cannot wear most types of armour.
You are very stealthy in the water. (Stealth+)
((You are amphibious.))
You can wear up to eight rings at the same time.
((You can use your tentacles to constrict eight enemies at once.))
((Your skin changes colour to match your surroundings (Stealth+).))
((Your rubbery body absorbs attacks. (AC +1, EV +1)))


Message History

The ice beast hits your ball python.
Your ball python dies!
Your ball python closely misses the ice beast.
Your ball python bites the ice beast but does no damage.
Your ball python closely misses the ice beast.
Casting: Sticks to Snakes (safe; 13% risk of failure)
Confirm with . or Enter, or press ? or * to list all spells.
You miscast Sticks to Snakes.
You feel a strange surge of energy! The ice beast hits you.
* * * LOW HITPOINT WARNING * * *
The ice beast freezes you!
* * * LOW HITPOINT WARNING * * *
Casting: Sticks to Snakes (safe; 13% risk of failure)
Confirm with . or Enter, or press ? or * to list all spells.
You create a snake!
You now have 52 arrows.
Your ball python barely misses the ice beast.
The ice beast hits you.
* * * LOW HITPOINT WARNING * * *
The ice beast freezes you!
You die...

#.........'........>+...........
#.###..####.........####....####
# #.## ##.......## ##.#.# #.#
##.....## ###.# ..# ##...## #.#
.### ##'## #.# #. #.# #.# # #.#
#.. .## ##s## ##. ....#..Y######
#....SS....#
##.#[...###.######.# ........#
#........# ###.##.#.###.########
#. #.#.....# # #.####### #.#


You could see an ice beast and 2 friendly ball pythons.

Vanquished Creatures
  A centaur (D:5)
  A scorpion (D:5)
  An orc priest (D:4)
  3 orc wizards
  An iguana (D:4)
  Natasha (thrice) (D:3)
  5 adders
  2 worms
  A dart slug (D:2)
  2 leopard geckos (D:3)
  10 orcs
  2 ball pythons (D:1)
  4 bats
  3 giant cockroaches
  6 goblins
  8 hobgoblins
  6 jackals
  9 kobolds
  A quokka (D:3)
  3 frilled lizards
  A jackal skeleton (D:4)
  11 rats
84 creatures vanquished.

Notes
Turn   | Place    | Note
-------+----------+-------------------------------------------
     0 | D:1      | LLavrengius the Octopode Transmuter began the quest for the
                  | Orb.
     0 | D:1      | Reached XP level 1. HP: 13/13 MP: 3/3
    28 | D:1      | Reached skill level 1 in Stealth
    76 | D:1      | Reached XP level 2. HP: 18/18 MP: 5/5
   815 | D:1      | Reached XP level 3. HP: 18/23 MP: 6/6
   819 | D:1      | Learned a level 2 spell: Sticks to Snakes
   823 | D:1      | Learned a level 3 spell: Spider Form
  1351 | D:2      | Reached skill level 1 in Poison Magic
  1439 | D:2      | Reached XP level 4. HP: 17/28 MP: 7/7
  1754 | D:2      | Learned a level 1 spell: Confusing Touch
  2295 | D:3      | Reached XP level 5. HP: 33/33 MP: 8/8
  3008 | D:3      | Noticed Natasha
  3012 | D:3      | Killed Natasha
  3074 | D:3      | Noticed Natasha
  3086 | D:3      | Killed Natasha
  3315 | D:4      | Reached skill level 1 in Hexes
  3315 | D:4      | Reached XP level 6. HP: 32/38 MP: 6/9
  3510 | D:3      | Noticed Natasha
  3522 | D:3      | Killed Natasha
  4175 | D:4      | Found a radiant altar of Vehumet.
  4202 | D:5      | Entered Level 5 of the Dungeon
  4239 | D:5      | Reached XP level 7. HP: 32/44 MP: 7/11
  4581 | D:5      | HP: 1/45 [ice beast (2)]
  4581 | D:5      | Mangled by an ice beast

Vault maps used:
D:1:      dpeg_arrival_rooms_c
D:3:      wad_pebble_path, first_ration, uniq_natasha
D:4:      vehumet_crystals

Skill      XL: |  1  2  3  4  5  6  7 |
---------------+----------------------+-----
Stealth        | 1 2 3 4 |  4.4
Transmutations | 3 4 |  4.4
Poison Magic   | 1 2 3 |  3.1
Hexes          | 1 |  1.0
Spellcasting   | 3 |  3.0
Fighting       | 2 |  2.1
Dodging        | |  2.0
Unarmed Combat | |  3.5

Action                   |  1- 3 |  4- 6 |  7- 9 || total
-------------------------+-------+-------+-------++-------
Melee: Unarmed           |    82 |   127 |    10 ||   219
       Constrict         |    23 |    20 |     3 ||    46
       Tentacles         |    14 |    16 |     2 ||    32
       Kick              |       |     5 |       ||     5
       Punch             |       |     1 |       ||     1
 Cast: Spider Form       |       |     4 |     1 ||     5
       Beastly Appendage |       |     2 |       ||     2
       Sticks to Snakes  |       |       |     2 ||     2
  Use: Scroll            |       |     8 |       ||     8
 Stab: Sleeping          |     8 |     6 |     2 ||    16
  Eat: Chunk             |     2 |     9 |     1 ||    12
Armor: Skin              |     6 |     8 |     1 ||    15
Dodge: Dodged            |    48 |    94 |     5 ||   147

Table legend:
 A = Non-vault XP
 B = Vault XP
 C = Vault XP percentage of total XP
 D = Non-vault monster count
 E = Vault monster count
 F = Vault count percentage of total count
                 A         B        C        D         E       F
            +---------+---------+-------+---------+---------+-------
      Total |     661 |      35 |   5.0 |      83 |       1 |   1.2
            +---------+---------+-------+---------+---------+-------
        D:1 |      38 |       0 |   0.0 |      24 |       0 |   0.0
        D:2 |      73 |       0 |   0.0 |      17 |       0 |   0.0
        D:3 |     156 |      35 |  18.3 |      18 |       1 |   5.3
        D:4 |     184 |       0 |   0.0 |      13 |       0 |   0.0
        D:5 |     210 |       0 |   0.0 |      11 |       0 |   0.0
            +---------+---------+-------+---------+---------+-------
